AoeStats
← [KMNB] Bandeira

African Clearing

506169492Analyzed
2v2 RM · 21d ago on Sep 12, 2026· 50m 24s· 4 players
Game mode
Random Map
Map size
Medium (4 player)
Population
200
Speed
Normal
Resources
Standard
Victory
Conquest
Starting age
Dark Age
Ending age
Imperial Age
RankedLock teamsTeams togetherTeam positionsShared explorationLock speedFull tech treeHidden civsTurbo modeCheats
Victory
Defeat
🇧🇷 Magyars · Brazil
1562
+13
🇧🇷 Huns · Brazil
1553
+14
🇩🇪 Berbers · Germany
1520
-14
🇪🇸 Hindustanis · Spain
1478
-13
winstonx9
5:07 Loom
14:18 Feudal Age
18:12 Castle Age
16:14 Double-Bit Axe
17:04 Horse Collar
18:30 Bloodlines
19:26 Bow Saw
23:39 Husbandry
25:04 Scale Barding Armor
27:36 Wheelbarrow
28:03 Stone Mining
28:43 Heavy Plow
28:51 Gold Mining
30:29 Chain Barding Armor
30:04 Town Watch
30:57 Bloodlines
32:12 Forging
33:41 Iron Casting
33:43 Fletching
35:48 Scale Mail Armor
39:15 Imperial Age
37:16 Hand Cart
38:33 Chain Mail Armor
39:20 Coinage
39:24 Ballistics
39:10 Bodkin Arrow
39:22 Heavy Camel Rider
40:11 Bracer
41:04 Conscription
42:29 Blast Furnace
42:17 Elite Ghulam
43:37 Plate Barding Armor
43:40 Masonry
45:33 Hoardings
45:11 Squires
45:27 Imperial Camel Rider
50:53 Two-Man Saw
50:03 Light Cavalry
Butti
11:19 Loom
13:54 Feudal Age
15:34 Double-Bit Axe
17:52 Castle Age
16:11 Fletching
16:16 Gold Mining
19:00 Bodkin Arrow
22:28 Wheelbarrow
24:30 Padded Archer Armor
28:54 Bloodlines
29:57 Ballistics
30:10 Bow Saw
30:54 Town Watch
37:12 Husbandry
37:55 Leather Archer Armor
37:46 Horse Collar
46:51 Imperial Age
45:32 Masonry
45:56 Hand Cart
46:09 Heavy Plow
47:35 Bracer
48:36 Chemistry
47:44 Maghrebi Camels
48:05 Conscription
48:05 Elite Camel Archer
48:18 Heavy Camel Rider
Fs.Khronos
5:40 Loom
12:12 Feudal Age
12:54 Double-Bit Axe
18:07 Castle Age
17:13 Fletching
17:15 Gold Mining
18:44 Bodkin Arrow
19:02 Bow Saw
19:28 Padded Archer Armor
23:38 Ballistics
31:07 Leather Archer Armor
31:59 Husbandry
34:04 Bloodlines
35:13 Thumb Ring
36:21 Wheelbarrow
35:28 Horse Collar
40:07 Imperial Age
38:14 Town Watch
38:31 Heavy Plow
40:10 Capped Ram
40:53 Bracer
41:54 Chemistry
41:33 Parthian Tactics
43:39 Heavy Cavalry Archer
46:19 Town Patrol
47:20 Two-Man Saw
49:25 Coinage
49:06 Forging
49:02 Scale Barding Armor
49:34 Gold Shaft Mining
48:21 Light Cavalry
48:30 Siege Ram
49:37 Stone Mining
[KMNB] Bandeira
7:46 Loom
12:18 Feudal Age
12:58 Double-Bit Axe
14:15 Horse Collar
15:14 Scale Barding Armor
21:06 Castle Age
20:47 Scale Mail Armor
21:07 Pikeman
23:13 Bloodlines
24:19 Husbandry
29:26 Fletching
29:54 Crossbowman
31:25 Ballistics
31:08 Bodkin Arrow
32:47 Bow Saw
33:17 Padded Archer Armor
35:44 Gold Mining
35:44 Stone Mining
39:50 Imperial Age
39:46 Wheelbarrow
39:37 Corvinian Army
40:08 Arbalester
41:26 Cavalier
45:21 Chemistry
43:55 Light Cavalry
47:02 Chain Barding Armor
46:47 Bracer
47:03 Leather Archer Armor
47:34 Hussar
49:43 Plate Barding Armor
49:24 Chain Mail Armor
Connection lost

Rejoining the realm…

Still unreachable

The connection could not be restored.

Session expired

The server has moved on; the page needs a fresh start.